cohdb
Replays
Latest Replays
All Replays
Popular Replays
Top Player Replays
Match Explorer
How It Works
Community
CoH3 Stats
Reddit
Sign in to upload your games and track your stats! →
Sign in with Steam
Match 39840177
Unlisted
Match 39840177
Overview
Messages
Build Orders
End
Kradschützen Motorcycle Team
Panzergrenadier Squad
250 Light Carrier
Panzergrenadier Squad
Selects Panzerjäger Kommand Battlegroup
Selects Mine Fields
Construct Light Support Kompanie
Combat Half-tracks
Selects Tank Busters
Construct Mechanized Kompanie
Panzerjäger Mechanized Group
Support Armor Elements
StuG III D Assault Gun
8 Rad Armored Car
Panzerjäger Mechanized Group
2.5-tonne Medical Truck
Selects Defensive Positions
Selects Butterfly Bomb Drop
Emergency Repair Kits
Pak 38 Mechanized Group
Selects Crew Shock Tactics
Construct Panzerarmee Kommand
Butterfly Bomb Drop
Panzer III L Medium Tank
Selects Anti-tank Overwatch
Anti-tank Overwatch
Panzer III L Medium Tank
Armored Reserves
Tiger Heavy Tank
Anti-tank Overwatch
PUT ME DOWN AND WATCH ME GO
Tai Sau
0
0
Comments
sign in to comment!
No comments posted yet!